 Dungeon Crawl Stone Soup version 0.31-a0-230-g09eb5fc4d3 (webtiles) character file.

Game seed: 12327512839428006344

2 qw the Vexing (level 1, 0/12 HPs)
             Began as a Gargoyle Hexslinger on July 6, 2023.
             Slain by a hobgoblin (2 damage)
             ... on level 1 of the Dungeon.
             The game lasted 00:00:03 (105 turns).

qw the Vexing (Gargoyle Hexslinger)                  Turns: 105, Time: 00:00:03

Health: 0/12       AC:  4    Str: 11    XL:     1   Next: 40%
Magic:  2/2        EV: 12    Int: 13    God:
Gold:   0          SH:  0    Dex: 12    Spells: 1/2 levels left

rFire   . . .        a - +1 sling
rCold   . . .        (no shield)
rNeg    + . .        c - +0 robe
rPois   inf          (no helmet)
rElec   +            (no cloak)
rCorr   .            (no gloves)
SInv    .            (no boots)
Will    .....        (no amulet)
Stlth   +            (no ring)
HPRegen 0.22/turn    (no ring)
MPRegen 0.08/turn

%: no passive effects
@: no status effects
A: sickness immunity, AC +2, negative energy resistance 1, electricity
resistance, torment resistance 1, petrification resistance
a: no special abilities


You were on level 1 of the Dungeon.
You visited 1 branch of the dungeon, and saw 1 of its levels.


Innate Abilities, Weirdness & Mutations

You are immune to sickness and miasma.
Your stone body is resilient. (AC +2)
You are immune to poison.
You resist negative energy. (rN+)
You are resistant to electric shocks. (rElec)
You are resistant to unholy torment.
You are immune to petrification.


   Skills:
 - Level 1.1 Fighting
 + Level 2.2 Ranged Weapons
 - Level 1.5 Dodging
 - Level 1.0 Spellcasting
 - Level 2.6 Hexes


You had one spell level left.
You knew the following spells:

 Your Spells              Type           Power      Damage    Failure   Level
a - Slow                  Hex            28%        N/A       10%         1

Your spell library contained the following spells:

 Spells                   Type           Power      Damage    Failure   Level
 Inner Flame              Hex/Fire       4%         N/A       43%         3
 Portal Projectile        Hex/Tloc       8%         N/A       43%         3
 Cause Fear               Hex            3%         N/A       67%         4

Inventory:

Hand Weapons
 a - a +1 sling (weapon)
Armour
 c - a +0 robe (worn)
Scrolls
 b - a scroll of poison
Potions
 d - a potion of ambrosia {unknown}

Dungeon Overview and Level Annotations

Branches:
Dungeon (1/15)

Altars:


Message History

The bat misses you. The rat barely misses you. The frilled lizard bites you.
You shoot a sling bullet.
The sling bullet misses the frilled lizard.
The bat hits you but does no damage. The hobgoblin barely misses you.
The rat barely misses you. The frilled lizard closely misses you.
You shoot a sling bullet.
The sling bullet closely misses the frilled lizard.
The bat closely misses you. The bat barely misses you.
The hobgoblin hits you but does no damage.
The rat bites you but does no damage.
The frilled lizard completely misses you.
You shoot a sling bullet.
The sling bullet barely misses the frilled lizard.
The bat barely misses you. The frilled lizard bites you.
The hobgoblin barely misses you. The rat barely misses you.
The bat closely misses you. The rat closely misses you.
The rat barely misses you.
The frilled lizard bites you but does no damage.
The hobgoblin hits you.
You shoot a sling bullet.
The sling bullet closely misses the frilled lizard.
The bat hits you but does no damage. The hobgoblin hits you.
The rat barely misses you. The rat bites you.
The frilled lizard barely misses you.
You shoot a sling bullet.
The sling bullet hits the frilled lizard!
You kill the frilled lizard!
The bat hits you but does no damage. The rat bites you but does no damage.
The rat misses you. The hobgoblin closely misses you.
The bat hits you but does no damage.
You shoot a sling bullet.
The sling bullet closely misses the bat.
The bat hits you but does no damage. The rat bites you but does no damage.
The rat closely misses you. The hobgoblin hits you. The bat closely misses you.
The rat barely misses you. The hobgoblin barely misses you.
The rat barely misses you.
You shoot a sling bullet. The sling bullet misses the bat.
The bat closely misses you. The bat barely misses you.
The rat bites you but does no damage. x2; The hobgoblin hits you.
You die... #.##...# .. ..#...# ... .. .....# ...# ?# #...)# #..##. ##....# #....##.....+ #......^b..# #..%.gr%...# #####.....@r#### 777

#...........# #7<7#
#...>.......# #8.8#
#..........## ##'##
#..........# #.#
#..........# ##.#
#.........## #..#
#######....#....#
###.#########
#..........########
#.....#......


You could see a hobgoblin, a bat and 2 rats.

Vanquished Creatures
  An endoplasm (D:1)
  A ball python (D:1)
  A frilled lizard (D:1)
3 creatures vanquished.

Notes
Turn   | Place    | Note
-------+----------+-------------------------------------------
     0 | D:1      | qw the Gargoyle Hexslinger began the quest for the Orb.
     0 | D:1      | Reached XP level 1. HP: 12/12 MP: 2/2
     0 | D:1      | 0 ||| qw: Version: 0.3-a-46-gb1f654a
     0 | D:1      | 0 ||| qw: Game counter: 1742
     0 | D:1      | 0 ||| qw: Melee chars always use a shield: true
     0 | D:1      | 0 ||| qw: God list: Okawaru
     0 | D:1      | 0 ||| qw: Allow faded altars: false
     0 | D:1      | 0 ||| qw: Do Orc after clearing Dungeon:15 true
     0 | D:1      | 0 ||| qw: Do second Lair branch before Depths: true
     0 | D:1      | 0 ||| qw: Lair rune preference: random
     0 | D:1      | 0 ||| qw: Goals: Normal
     0 | D:1      | 0 ||| PLANNING D:1-11
   102 | D:1      | HP: 2/12 [rat (2)]
   105 | D:1      | Slain by a hobgoblin

Levels and vault maps discovered:
D:1:      saegor_arrival_simple_b, layout_basic, ebering_ecumenical_altar_box,
          minmay_pentomino_w4

Action                     || total
---------------------------++-------
   Fire: Sling             ||    18
 Armour: Robe              ||    15
  Dodge: Dodged            ||    28

Table legend:
 A = Non-vault XP
 B = Vault XP
 C = Vault XP percentage of total XP
 D = Non-vault monster count
 E = Vault monster count
 F = Vault count percentage of total count
                 A         B        C        D         E       F
            +---------+---------+-------+---------+---------+-------
      Total |       2 |       2 |  50.0 |       1 |       2 |  66.7
            +---------+---------+-------+---------+---------+-------
        D:1 |       2 |       2 |  50.0 |       1 |       2 |  66.7
            +---------+---------+-------+---------+---------+-------
